 Dungeon Crawl Stone Soup version 0.31-a0-836-g3ceb0a68c4 (webtiles) character file.

Game seed: 15788808409066433639

129 kae the Changeling (level 4, 0/35 HPs)
             Began as a Draconian Shapeshifter on Sept 26, 2023.
             Slain by an orc
             ... wielding a +0 whip
              (5 damage)
             ... on level 4 of the Dungeon.
             The game lasted 00:01:14 (2625 turns).

kae the Changeling (Draconian Shapeshifter)         Turns: 2625, Time: 00:01:15

Health: 0/35       AC:  5    Str: 16    XL:     4   Next: 88%
Magic:  4/4        EV: 12    Int: 10    God:
Gold:   130        SH:  0    Dex: 13    Spells: 3/3 levels left

rFire   . .          .
                       - Unarmed
rCold   . . .        (no shield)
rNeg    . . .        (body armour unavailable)
rPois   .            (helmet currently unavailable)
rElec   .            (cloak currently unavailable)
rCorr   .            (gloves currently unavailable)
SInv    .            (boots currently unavailable)
Will    .....        g - amulet of magic regeneration
Stlth   +            (no ring)
HPRegen 0.25/turn    (no ring)
MPRegen 0.49/turn

%: no passive effects
@: beast-form
A: beast (slay +2), AC +5, unfitting armour, cold-blooded
a: Begin Untransformation


You were on level 4 of the Dungeon.
You were a hulking beast.
You visited 1 branch of the dungeon, and saw 4 of its levels.

You collected 130 gold pieces.


Innate Abilities, Weirdness & Mutations

You are a hulking beast.
Your limbs bulge with bestial killing power. (Slay +2)
Your plain brown scales are hard. (AC +5)
You cannot fit into any form of body armour.
You are cold-blooded and may be slowed by cold attacks.


   Skills:
 - Level 1.1 Fighting
 - Level 1.7 Dodging
 + Level 4.0 Unarmed Combat
 * Level 4.6 Shapeshifting


You had 3 spell levels left.
You didn't know any spells.
Your spell library was empty.

Inventory:

Missiles
 d - 39 stones
 j - 17 poisoned darts
 m - a throwing net {=f!f}
Magical Staves
 h - a staff of cold {!a}
   (You found it on level 3 of the Dungeon)
 k - a staff of conjuration {!a}
   (You found it on level 2 of the Dungeon)
 n - a staff of air {!a}
   (You found it on level 3 of the Dungeon)
Jewellery
 g - an amulet of magic regeneration (around neck)
   (You found it on level 1 of the Dungeon)
Talismans
 b - a beast talisman (active)
 c - a flux talisman
 i - a blade talisman
   (You found it on level 3 of the Dungeon)
Potions
 a - 2 potions of lignification {!q}
 e - a potion of heal wounds {@q2}
 f - 3 potions of curing {@q1}
 l - a potion of ambrosia {unknown}

Dungeon Overview and Level Annotations

Branches:
Dungeon (3/15) Zot: 21382

Altars:
Uskayaw .# ..## # ..h #. ##.. ..### oo#

... ..#
#o##.#####.#
#.hoo......#
####.#####.
##..$##
##.....##
#.......#
#..._...#
#.......#
##.....##
##...##


You could see an orc wizard and 2 orcs.


Message History

A kobold is nearby!
The kobold shouts!
The kobold misses you.
You punch the kobold!
You kill the kobold!
j - 17 poisoned darts (gained 7)
Things that are here:
a +0 dagger; a kobold corpse No target in view!
No target in view!
You now have 130 gold pieces (gained 8).
Key pressed, stopping explore.
No target in view!
No target in view!
Found a stone staircase leading up.
No target in view!
No target in view!
n - a staff of air {!a} No target in view!
No target in view!
f - 3 potions of curing {@q1} (gained 1)
A malevolent force fills the Dungeon...
You fall into a shaft and drop 1 floor!
The shaft crumbles and collapses.
Found 12 gold pieces.
Found a hide-covered altar of Uskayaw.
An orc wizard and 2 jackals come into view.
The orc wizard shouts!
The jackal barks!
You hear a shout!
You hear a bark!
You hear a shout!
An orc comes into view. It is wielding a +0 club.
You hear a bark!
You see here 12 gold pieces.
You hear a shout!
The jackal closely misses you.
The orc wizard points at you and mumbles some strange words.
The magic dart hits you!
The jackal bites you but does no damage.
An orc comes into view. It is wielding a +0 whip.
The orc shouts!
You punch the jackal!
You kill the jackal!
An adder comes into view.
There are monsters nearby!
The adder hisses angrily.
The jackal bites you but does no damage.
You hit the jackal.
You kill the jackal!
A hound comes into view.
There are monsters nearby!
The adder misses you.
You see here a jackal corpse.
You barely miss the adder. The adder barely misses you.
There are monsters nearby!
Unknown command.
There are monsters nearby!
There are monsters nearby! 😕 HP[-7]
You take 7 damage, and now have 28/35 hp.
You miss the adder.
Your tail-slap misses the adder.
The adder bites you.
You are poisoned.
The adder poisons you! The adder bites you.
You are too injured to fight recklessly! 😮 HP[-5]
You take 5 damage, and now have 23/35 hp.
You hit the adder.
You feel sick. The orc hits you but does no damage.
The adder closely misses you. 😮 HP[-2]
You take 2 damage, and now have 21/35 hp.
Unknown command.
You hit the adder. You tail-slap the adder.
You kill the adder!
You feel sick. 😮 HP[-1]
You take 1 damage, and now have 20/35 hp.
You punch the orc wizard!
You feel sick. 😮 HP[-1]
You take 1 damage, and now have 19/35 hp.
You barely miss the orc wizard.
You feel sick.
The orc wizard hits you with a +0 dagger.
* * * LOW HITPOINT WARNING * * *
😨 HP[-2]
You take 2 damage, and now have 17/35 hp.
You hit the orc wizard. You tail-slap the orc wizard.
You feel sick. The orc hits you with a +0 whip.
* * * LOW HITPOINT WARNING * * *
The orc wizard hits you with a +0 dagger.
* * * LOW HITPOINT WARNING * * *
😨 HP[-7]
You take 7 damage, and now have 10/35 hp.
You hit the orc wizard but do no damage.
You feel sick.
The orc wizard hits you but does no damage.
The orc barely misses you. 😨 HP[-1]
You take 1 damage, and now have 9/35 hp.
You hit the orc wizard.
You feel sick.
You are no longer poisoned.
The orc wizard hits you with a +0 dagger.
* * * LOW HITPOINT WARNING * * *
The orc hits you with a +0 whip.
You die...

Skill      XL: |  1  2  3  4 |
---------------+-------------+-----
Shapeshifting  | 4 |  4.6
Unarmed Combat | 4 |  4.0
Fighting       | |  1.1
Dodging        | |  1.7

Action                     |  1- 3 |  4- 6 || total
---------------------------+-------+-------++-------
  Melee: Unarmed           |   114 |    50 ||   164
         Tailslap          |    12 |     7 ||    19
         Punch             |     3 |     1 ||     4
    Use: Scroll            |     2 |       ||     2
         Potion            |       |     2 ||     2
   Stab: Sleeping          |     1 |       ||     1
 Armour: Skin              |    45 |    42 ||    87
  Dodge: Dodged            |    48 |    29 ||    77

Levels and vault maps discovered:
D:1:      minmay_arrival_diagonal_passages, layout_basic,
          hellmonk_ecumenical_altar_inner_sanctum
D:2:      layout_rooms, serial_co_window_serial, co_window_paths_a,
          co_window_cross_1, co_window_corner_a, co_window_paths_b,
          co_window_paths_b, co_window_paths_c, co_window_unsneaky_path_a,
          co_window_2corner, co_window_2corner, co_window_of_opportunity_c,
          co_window_4corner_b, glass_columns_a, glass_columns_b,
          guppyfry_early_lair_pool
D:3:      layout_loops_cross, nicolae_hepliaklqana_monster_ancestors,
          kennysheep_decorative_pillar, grunt_decor_fettered
D:4:      layout_loops_cross, lemuel_round_altar, minmay_close_crescents,
          uniq_blork_the_orc

Notes
Turn   | Place    | Note
-------+----------+-------------------------------------------
     0 | D:1      | kae the Draconian Shapeshifter began the quest for the Orb.
     0 | D:1      | Reached XP level 1. HP: 16/16 MP: 1/1
     0 | D:1      | magus.rc [v1.11.3]
   202 | D:1      | Reached XP level 2. HP: 23/23 MP: 2/2
   723 | D:1      | Reached XP level 3. HP: 28/28 MP: 3/3
  1015 | D:1      | Found a faded altar of an unknown god.
  1267 | D:2      | Reached skill level 4 in Shapeshifting
  2088 | D:3      | Reached XP level 4. HP: 35/35 MP: 4/4
  2343 | D:3      | HP: 8/35 [gnoll/+0 flail (6)]
  2345 | D:3      | Reached skill level 4 in Unarmed Combat
  2607 | D:3      | You fall into a shaft and drop 1 floor!
  2607 | D:4      | Found a hide-covered altar of Uskayaw.
  2625 | D:4      | HP: 8/35 [poisoned by an adder]
  2625 | D:4      | Slain by an orc

Vanquished Creatures
  2 adders
  4 gnolls (D:3)
  2 worms (D:2)
  A dart slug (D:1)
  An orc (D:3)
  5 ball pythons
  2 bats
  7 endoplasms
  2 giant cockroaches (D:2)
  4 hobgoblins
  5 jackals
  A quokka (D:1)
  4 frilled lizards
  7 goblins
  12 kobolds
  A rat (D:1)
60 creatures vanquished.

Table legend:
 A = Non-vault XP
 B = Vault XP
 C = Vault XP percentage of total XP
 D = Non-vault monster count
 E = Vault monster count
 F = Vault count percentage of total count
                 A         B        C        D         E       F
            +---------+---------+-------+---------+---------+-------
      Total |     185 |       0 |   0.0 |      60 |       0 |   0.0
            +---------+---------+-------+---------+---------+-------
        D:1 |      47 |       0 |   0.0 |      27 |       0 |   0.0
        D:2 |      44 |       0 |   0.0 |      13 |       0 |   0.0
        D:3 |      77 |       0 |   0.0 |      17 |       0 |   0.0
        D:4 |      17 |       0 |   0.0 |       3 |       0 |   0.0
            +---------+---------+-------+---------+---------+-------

Skill      XL: |  1  2  3  4 |
---------------+-------------+-----
Shapeshifting  | 4 |  4.6
Unarmed Combat | 4 |  4.0
Fighting       | |  1.1
Dodging        | |  1.7

Action                     |  1- 3 |  4- 6 || total
---------------------------+-------+-------++-------
  Melee: Unarmed           |   114 |    50 ||   164
         Tailslap          |    12 |     7 ||    19
         Punch             |     3 |     1 ||     4
    Use: Scroll            |     2 |       ||     2
         Potion            |       |     2 ||     2
   Stab: Sleeping          |     1 |       ||     1
 Armour: Skin              |    45 |    42 ||    87
  Dodge: Dodged            |    48 |    29 ||    77

Illustrated notes

Table legend:
 A = Kills in this place as a percentage of kills in the entire game.
 B = Kills by you in this place as a percentage of kills by you in the entire game.
 C = Kills by friends in this place as a percentage of kills by friends in the entire game.
 D = Other kills in this place as a percentage of other kills in the entire game.
 E = Experience gained in this place as a percentage of experience gained in the entire game.
 F = Experience gained in this place divided by the number of levels of this place that you have seen.
                   A       B       C       D       E      F
               +-------+-------+-------+-------+-------+----------------------
         Total | 100.0 | 100.0 |   N/A |   N/A | 100.0 |  46.2
       Dungeon | 100.0 | 100.0 |   N/A |   N/A | 100.0 |  46.2
               +-------+-------+-------+-------+-------+----------------------

Table legend: (Time is in decaauts)
 A = Elapsed time spent in this place.
 B = Non-inter-level travel time spent in this place.
 C = Inter-level travel time spent in this place.
 D = Time resting spent in this place.
 E = Time spent auto-exploring this place.
 F = Levels seen in this place.
 G = Mean time per level.
                   A        B        C        D        E       F      G
               +--------+--------+--------+--------+--------+-----+--------+
         Total |   2616 |   2571 |     45 |    104 |   2098 |   4 |  654.0 |
       Dungeon |   2616 |   2571 |     45 |    104 |   2098 |   4 |  654.0 |
               +--------+--------+--------+--------+--------+-----+--------+

Top non-repeatable levels by time:
     D:1: 1058 daAuts
     D:2: 927 daAuts
     D:3: 613 daAuts
     D:4: 17 daAuts
